[Event "Titled Tuesday Blitz October 11 Late 2022"]
[White "Czernek, Tymon"]
[Black "Gasparyan, David"]
[WhiteFideId "1199510"]
[BlackFideId "13311980"]
[WhiteElo "2240"]
[BlackElo "2355"]
[Result "1-0"]
[Round "03"]
[TimeControl "180+1"]
[Date "2022.10.12"]
[WhiteClock "0:00:35"]
[BlackClock "0:00:03"]

1. e4 c5 2. Nf3 e6 3. d4 cxd4 4. Nxd4 a6 5. Bd3 Qc7 6. O-O Nf6 7. c4 Bc5 8. Nb3 Ba7 9. Qe2 d6 10. Nc3 Nc6 11. Bf4 O-O 12. Rac1 Nd4 13. Nxd4 Bxd4 14. Kh1 h6 15. Bg3 b6 16. f4 e5 17. fxe5 dxe5 18. Rxf6 gxf6 19. Nd5 Qd6 20. Bh4 f5 21. exf5 f6 22. Qg4+ Kh8 23. Qg6 Ra7 24. Bxf6+ Rxf6 25. Nxf6 Qf8 26. Nh5 Rf7 27. f6 e4 28. Bxe4 Qg8 29. Qxg8+ Kxg8 30. Bd5 Bg4 31. Ng3 Kf8 32. Bxf7 Kxf7 33. b3 Bxf6 34. Rf1 Ke6 35. Re1+ Be5 36. Ne4 Kf5 37. Nf2 Bh5 38. g4+ Bxg4 39. Nxg4 Bf4 40. Ne3+ Ke4 41. Nd5+ Kf3 42. Rf1+ Ke2 43. Rxf4 1-0


[Site "https://www.chess.com"]

[Event "Titled Tuesday Blitz October 11 Late 2022"]
[White "Diaz Rosas, Julio Cesar"]
[Black "Curtis, John"]
[WhiteFideId "5105099"]
[BlackFideId "3200256"]
[WhiteElo "2246"]
[BlackElo "2203"]
[Result "1/2-1/2"]
[Round "03"]
[TimeControl "180+1"]
[Date "2022.10.12"]
[WhiteClock "0:00:17"]
[BlackClock "0:00:32"]

1. d4 Nf6 2. c4 e6 3. Nc3 Bb4 4. a3 Bxc3+ 5. bxc3 d6 6. f3 Qe7 7. e4 e5 8. Bd3 h6 9. Ne2 g5 10. O-O Nc6 11. Be3 Bd7 12. Qd2 b6 13. Kh1 Na5 14. Rab1 c5 15. Rfe1 Rg8 16. Ng3 O-O-O 17. Qf2 Be6 18. Nf5 Bxf5 19. exf5 Qc7 20. Rec1 h5 21. Rb5 Nb7 22. Be4 Nxe4 23. fxe4 f6 24. a4 exd4 25. cxd4 Rge8 26. Qf3 Qe7 27. e5 g4 28. Qc6+ Qc7 29. Qxc7+ Kxc7 30. e6 Rg8 31. Bf4 cxd4 32. Rd5 Kc6 33. Re1 Rge8 34. Rxd4 Re7 35. Bg3 Nc5 36. Red1 Nxa4 37. Rxd6+ Rxd6 38. Rxd6+ Kc5 39. Rd7 Re8 40. Rc7+ Kd4 41. Rxa7 Ke4 42. e7 Kxf5 43. Bd6 Ke6 44. Bb4 Nc5 45. Bxc5 bxc5 46. Rc7 Kd6 47. Ra7 Rxe7 48. Ra6+ Ke5 49. Kg1 f5 50. Kf2 h4 51. Ke3 f4+ 52. Kd3 Rd7+ 53. Kc3 g3 54. hxg3 hxg3 55. Rg6 Ke4 56. Re6+ Kf5 57. Rc6 Rd1 58. Rxc5+ Kg4 59. Rc8 Rg1 60. Rg8+ Kf5 61. c5 Rxg2 62. c6 Rg1 63. Kb2 Rg2+ 64. Kb3 Rg1 65. Kb2 Rg2+ 66. Kb3 Rg1 67. Kb2 1/2-1/2


[Site "https://www.chess.com"]

[Event "Titled Tuesday Blitz October 11 Late 2022"]
[White "Djordjevic, Dejan N"]
[Black "Gilmanov, Mansur"]
[WhiteFideId "913316"]
[BlackFideId "4166868"]
[WhiteElo "2262"]
[BlackElo "2377"]
[Result "0-1"]
[Round "03"]
[TimeControl "180+1"]
[Date "2022.10.12"]
[WhiteClock "0:00:03"]
[BlackClock "0:00:43"]

1. e4 d5 2. exd5 Qxd5 3. d4 c5 4. Nf3 Nc6 5. Nc3 Qh5 6. d5 Nd4 7. Nxd4 Qxd1+ 8. Kxd1 cxd4 9. Nb5 Bg4+ 10. f3 O-O-O 11. fxg4 Rxd5 12. Nxa7+ Kb8 13. Nb5 Nf6 14. h3 e5 15. a4 Bc5 16. Bc4 Rd7 17. Rf1 Rf8 18. b3 Ne4 19. Bd3 Nc3+ 20. Nxc3 dxc3 21. Ke1 e4 22. Bc4 g6 23. g5 Rfd8 24. Bf4+ Ka7 25. Be2 e3 26. Rf3 Rd2 27. Bxe3 Bxe3 28. Rxe3 Rxc2 29. Rd1 Rc8 30. Re7 Rb2 31. Bc4 Rxg2 32. Rc1 c2 33. Rxb7+ Ka8 34. Re7 Rd8 35. Rxc2 Rxc2 36. Rxf7 Rg2 37. Rxh7 Rxg5 38. h4 Re5+ 39. Kf2 Rf8+ 40. Kg3 Re1 0-1


[Site "https://www.chess.com"]

[Event "Titled Tuesday Blitz October 11 Late 2022"]
[White "Domingo Nunez, Ruben"]
[Black "Huber, Benedikt"]
[WhiteFideId "22245570"]
[BlackFideId "12923583"]
[WhiteElo "2406"]
[BlackElo "2199"]
[Result "1-0"]
[Round "03"]
[TimeControl "180+1"]
[Date "2022.10.12"]
[WhiteClock "0:00:12"]
[BlackClock "0:00:12"]

1. Nf3 Nf6 2. b3 c5 3. Bb2 b6 4. g3 Bb7 5. Bg2 e6 6. O-O Be7 7. c4 O-O 8. Nc3 d6 9. Rc1 Nbd7 10. d4 cxd4 11. Qxd4 a6 12. Rfd1 Qc7 13. h4 Rfd8 14. Bh3 Rac8 15. Qe3 Qb8 16. Bxe6 fxe6 17. Qxe6+ Kf8 18. Ng5 Ne5 19. f4 h6 20. fxe5 hxg5 21. exf6 Bxf6 22. hxg5 Re8 23. Qf5 Re5 24. Qf4 Rxg5 25. Nd5 Bxd5 26. Bxf6 Rg6 27. Bxg7+ Kxg7 28. Rxd5 Rf8 29. Qd4+ Kg8 30. Rh5 Rxg3+ 31. Kh2 Rg7 32. Rg1 Qc7 33. Qd5+ Qf7 34. Rhg5 Rxg5 35. Rxg5+ Kh8 36. Qd4+ Qf6 37. Qh4+ 1-0


[Site "https://www.chess.com"]

[Event "Titled Tuesday Blitz October 11 Late 2022"]
[White "Duda, Jan-Krzysztof"]
[Black "Gajewski, Grzegorz"]
[WhiteFideId "1170546"]
[BlackFideId "1116207"]
[WhiteElo "2779"]
[BlackElo "2547"]
[Result "1-0"]
[Round "03"]
[TimeControl "180+1"]
[Date "2022.10.11"]
[WhiteClock "0:00:28"]
[BlackClock "0:00:37"]

1. d4 d5 2. Nf3 Nf6 3. Bf4 e6 4. e3 c5 5. c3 Qb6 6. Qb3 c4 7. Qc2 Bd6 8. Nbd2 Bxf4 9. exf4 Qc7 10. Ne5 O-O 11. Be2 Nc6 12. h4 b5 13. h5 h6 14. g4 Bb7 15. g5 Ne4 16. gxh6 f6 17. Rg1 g5 18. Nxc6 Bxc6 19. Nxe4 dxe4 20. fxg5 fxg5 21. Qd2 Qf4 22. Rxg5+ Kh8 23. Qe3 Bd5 24. a4 b4 25. cxb4 Qd6 26. b5 a6 27. bxa6 Rab8 28. Qg3 Qxg3 29. Rxg3 Rxb2 30. a7 Kh7 31. a5 Kxh6 32. a6 Ra8 33. Rc3 Rxa7 34. Bxc4 Bxc4 35. Rxc4 Rf7 36. a7 1-0


[Site "https://www.chess.com"]

[Event "Titled Tuesday Blitz October 11 Late 2022"]
[White "Dzierzak, Radoslaw"]
[Black "Tarnowska, Aleksandra"]
[WhiteFideId "1161407"]
[BlackFideId "1180967"]
[WhiteElo "2111"]
[BlackElo "1776"]
[Result "1-0"]
[Round "03"]
[TimeControl "180+1"]
[Date "2022.10.12"]
[WhiteClock "0:00:07"]
[BlackClock "0:00:02"]

1. e4 c5 2. Nf3 e6 3. d4 cxd4 4. Nxd4 a6 5. Nc3 Qc7 6. g3 Nf6 7. Bg2 Be7 8. O-O O-O 9. a4 Nc6 10. Nb3 b6 11. f4 d6 12. Be3 Bb7 13. g4 Rfd8 14. g5 Nd7 15. Qh5 Nf8 16. f5 exf5 17. Nd5 Qd7 18. exf5 f6 19. Nxb6 Qc7 20. Nxa8 Bxa8 21. a5 Ne5 22. Bb6 Qxc2 23. Rf2 Qxb3 24. Bxd8 Bxg2 25. Bxe7 Bf3 26. Qe8 Nd7 27. Bxf8 Nxf8 28. Re1 d5 29. g6 hxg6 30. fxg6 Qd3 31. Qf7+ Kh8 32. Qxf8# 1-0


[Site "https://www.chess.com"]

[Event "Titled Tuesday Blitz October 11 Late 2022"]
[White "Eisa Mohmood, Alkhoori"]
[Black "Yurovskykh, Oleksandr"]
[WhiteFideId "9316116"]
[BlackFideId "14134020"]
[WhiteElo "1245"]
[BlackElo "2303"]
[Result "1-0"]
[Round "03"]
[TimeControl "180+1"]
[Date "2022.10.12"]
[WhiteClock "0:01:03"]
[BlackClock "0:00:17"]

1. e4 d5 2. exd5 Qxd5 3. Nc3 Qd8 4. d4 Nf6 5. Bc4 a6 6. Bg5 e6 7. Nf3 Be7 8. Qe2 O-O 9. O-O-O b5 10. Bd3 Bb7 11. h4 Nbd7 12. Rhg1 h6 13. Bxf6 Nxf6 14. Ne5 Bb4 15. g4 Bxc3 16. bxc3 Nd5 17. g5 Nxc3 18. Qe1 Nxd1 19. gxh6 g6 20. Bxg6 fxg6 21. Rxg6+ Kh8 22. Nf7+ Rxf7 23. Qe5+ Kh7 24. Rg7+ Kxh6 25. Rxf7 Qxh4 26. Qxe6+ Kg5 27. Qe5+ Kg6 28. Qg7+ Kh5 29. Rf5+ Qg5+ 30. Qxg5# 1-0


[Site "https://www.chess.com"]

[Event "Titled Tuesday Blitz October 11 Late 2022"]
[White "Evdokimov, Alexey"]
[Black "P., Komal Kishore"]
[WhiteFideId "24162450"]
[BlackFideId "5016703"]
[WhiteElo "2154"]
[BlackElo "2099"]
[Result "1/2-1/2"]
[Round "03"]
[TimeControl "180+1"]
[Date "2022.10.12"]
[WhiteClock "0:00:07"]
[BlackClock "0:00:10"]

1. e4 c6 2. d4 d5 3. exd5 cxd5 4. Bd3 Nc6 5. c3 Nf6 6. Nd2 Bg4 7. Ngf3 e6 8. O-O Be7 9. Re1 O-O 10. h3 Bh5 11. Qc2 Rc8 12. a3 Bg6 13. Bxg6 hxg6 14. Qd3 a6 15. Ne5 b5 16. Ndf3 Na5 17. Bg5 Nc4 18. Re2 Ne4 19. Bxe7 Qxe7 20. a4 Ned6 21. axb5 axb5 22. Rae1 Nxe5 23. Nxe5 Nc4 24. f4 Rc7 25. Kh2 Rb8 26. Qg3 Nxe5 27. Rxe5 Qd6 28. h4 b4 29. h5 gxh5 30. f5 h4 31. Qf4 f6 32. R5e4 Qxf4+ 33. Rxf4 bxc3 34. bxc3 exf5 35. Rxf5 Rxc3 36. Rxd5 Rb2 37. Re4 Rg3 38. Rxh4 Rgxg2+ 39. Kh1 Rgd2 40. Rg4 Rb1+ 41. Rg1 Rb3 42. Rd8+ Kh7 43. Rg4 Rh3+ 44. Kg1 Ra3 45. Rf4 Kg6 46. Rd5 Kf7 47. Rb5 Rad3 48. Rb7+ Ke6 49. Rxg7 Rxd4 50. Rxd4 Rxd4 51. Kf2 Rf4+ 52. Ke3 Ra4 53. Rb7 Ra5 54. Kf4 Ra4+ 55. Kf3 Kf5 56. Rb5+ Kg6 57. Rb3 f5 58. Rc3 Kg5 59. Rb3 Rf4+ 60. Kg3 Rc4 61. Ra3 Rc5 62. Kf3 Rd5 63. Rb3 Ra5 64. Rc3 Ra4 65. Rb3 Ra1 66. Kg3 f4+ 67. Kf3 Rf1+ 68. Kg2 Rd1 69. Rb5+ Kg4 70. Rb3 Rd2+ 71. Kf1 f3 72. Rb8 Rd5 73. Rg8+ Kf4 74. Rf8+ Ke4 75. Re8+ Re5 76. Rxe5+ Kxe5 77. Kf2 Kf4 78. Kf1 Ke3 79. Ke1 Ke4 80. Kf2 Kf4 81. Kf1 Kg3 82. Kg1 f2+ 83. Kf1 Kf3 1/2-1/2


[Site "https://www.chess.com"]

[Event "Titled Tuesday Blitz October 11 Late 2022"]
[White "Fernandez Hernandez, Gerardo"]
[Black "Buchenau, Frank"]
[WhiteFideId "2207400"]
[BlackFideId "4604350"]
[WhiteElo "2152"]
[BlackElo "2157"]
[Result "0-1"]
[Round "03"]
[TimeControl "180+1"]
[Date "2022.10.12"]
[WhiteClock "0:00:01"]
[BlackClock "0:00:13"]

1. e4 e6 2. d3 d5 3. Nd2 Nf6 4. Ngf3 b6 5. g3 dxe4 6. dxe4 Bb7 7. Qe2 Ba6 8. c4 Nc6 9. Bg2 e5 10. O-O Bc5 11. a3 O-O 12. b4 Nd4 13. Qd3 Nxf3+ 14. Qxf3 Bd4 15. Rb1 Bc8 16. Qb3 Be6 17. Nf3 b5 18. Nxd4 Qxd4 19. Be3 Qxc4 20. Qxc4 Bxc4 21. Rfc1 a5 22. Bc5 Rfd8 23. Rd1 axb4 24. axb4 Bd3 25. Ra1 Rxa1 26. Rxa1 Bxe4 27. Ra7 Rd1+ 28. Bf1 h5 29. Ra3 Nd5 30. f3 Bf5 31. Kf2 c6 32. Ra8+ Kh7 33. Ra6 Rd2+ 34. Ke1 Rxh2 35. Rxc6 e4 36. fxe4 Bxe4 37. Rd6 Nf6 38. Bxb5 Rb2 39. Bd3 Bxd3 40. Rxd3 Ne4 41. Be7 f5 0-1


[Site "https://www.chess.com"]

[Event "Titled Tuesday Blitz October 11 Late 2022"]
[White "Gardezi, Arsal"]
[Black "Sarkar, Justin"]
[WhiteFideId "30949521"]
[BlackFideId "2010011"]
[WhiteElo "1906"]
[BlackElo "2250"]
[Result "0-1"]
[Round "03"]
[TimeControl "180+1"]
[Date "2022.10.12"]
[WhiteClock "0:02:00"]
[BlackClock "0:01:47"]

1. Nf3 d5 2. g3 c5 3. Bg2 g6 4. O-O Bg7 5. c3 e5 6. d4 cxd4 7. cxd4 e4 8. Ne5 f6 9. Qa4+ Kf8 10. Qb4+ Ne7 11. Ng4 Bxg4 12. Qxb7 Nbc6 13. b3 Bxe2 14. Re1 Rb8 0-1


[Site "https://www.chess.com"]

[Event "Titled Tuesday Blitz October 11 Late 2022"]
[White "Garmash, Aliona"]
[Black "Storey, Charles H"]
[WhiteFideId "34127620"]
[BlackFideId "406686"]
[WhiteElo "1980"]
[BlackElo "2252"]
[Result "0-1"]
[Round "03"]
[TimeControl "180+1"]
[Date "2022.10.12"]
[WhiteClock "0:00:01"]
[BlackClock "0:00:16"]

1. d4 g6 2. c4 Bg7 3. Nc3 c5 4. d5 f5 5. Qc2 Na6 6. a3 d6 7. e4 fxe4 8. Nxe4 Bf5 9. Bd3 Nf6 10. Nxf6+ exf6 11. Bxf5 gxf5 12. Qxf5 O-O 13. Ne2 Re8 14. Be3 Qa5+ 15. Nc3 Re5 16. Qg4 f5 17. Qg3 f4 18. Qxf4 Nb4 19. O-O Nd3 20. Qg4 Nxb2 21. Ne2 Rae8 22. Ng3 R5e7 23. Nf5 Rc7 24. Nxd6 Rf8 25. Nf5 Kh8 26. d6 Rcf7 27. Nxg7 Rxg7 28. Qe6 Nxc4 29. Qxc4 Qd8 30. Rad1 Qd7 31. g3 b6 32. Qd5 Rf5 33. Qe4 Rgf7 34. Bc1 h5 35. Bb2+ Kh7 36. Rd5 Kh6 37. Rxf5 Rxf5 38. Qe7 Rf7 39. Qxd7 Rxd7 40. Be5 b5 41. Bf4+ Kg6 42. Re1 a5 43. Re7 Rxe7 44. dxe7 Kf7 45. Bd6 c4 46. f4 c3 47. f5 b4 48. axb4 a4 49. b5 c2 50. Ba3 h4 51. f6 h3 52. Kf2 Ke8 53. b6 Kf7 54. b7 c1=Q 55. Bxc1 a3 56. Bxa3 Kg6 57. b8=Q Kf5 58. Qc8+ Kxf6 59. Qc6+ Kf5 60. Qd5+ Kg4 61. Qe4+ Kh5 62. Qf5+ Kh6 63. Bc1+ Kg7 64. Qg5+ Kh7 0-1


[Site "https://www.chess.com"]

[Event "Titled Tuesday Blitz October 11 Late 2022"]
[White "Georgiadis, Ioannis"]
[Black "Balkum, Alexander"]
[WhiteFideId "4208900"]
[BlackFideId "2005069"]
[WhiteElo "2446"]
[BlackElo "2347"]
[Result "1-0"]
[Round "03"]
[TimeControl "180+1"]
[Date "2022.10.12"]
[WhiteClock "0:02:11"]
[BlackClock "0:00:27"]

1. e4 c5 2. Nf3 Nc6 3. Bb5 g6 4. O-O Bg7 5. Re1 Nf6 6. c3 O-O 7. e5 Nd5 8. d4 cxd4 9. cxd4 Nc7 10. Bf1 d5 11. h3 f6 12. exf6 exf6 13. Nc3 Be6 14. Bf4 Bf7 15. Qb3 Na5 16. Qb4 Ne6 17. Bg3 b6 18. Rac1 Nc6 19. Qa4 Rc8 20. Nb5 Bh6 21. Rc3 Na5 22. Rxc8 Qxc8 23. Nd6 Qa8 24. Nxf7 1-0


[Site "https://www.chess.com"]

[Event "Titled Tuesday Blitz October 11 Late 2022"]
[White "Gokerkan, Cem Kaan"]
[Black "Jobava, Baadur"]
[WhiteFideId "6336760"]
[BlackFideId "13601520"]
[WhiteElo "2365"]
[BlackElo "2582"]
[Result "0-1"]
[Round "03"]
[TimeControl "180+1"]
[Date "2022.10.11"]
[WhiteClock "0:00:13"]
[BlackClock "0:02:07"]

1. e4 d6 2. d4 Nf6 3. Nc3 e5 4. Nf3 Nbd7 5. Rg1 g6 6. g4 Bg7 7. g5 Nh5 8. Be3 O-O 9. Qd2 c6 10. O-O-O Qe7 11. Be2 Re8 12. Nh4 Nf4 13. Bxf4 exf4 14. Qxf4 b5 15. Bg4 b4 16. Ne2 Qxe4 17. Qxd6 Nb6 18. Bf3 Qxh4 19. Bxc6 Rxe2 20. Bxa8 Qxf2 21. Qd8+ Bf8 22. Kb1 Rxc2 0-1


[Site "https://www.chess.com"]

[Event "Titled Tuesday Blitz October 11 Late 2022"]
[White "Goltsev, Dmitry"]
[Black "Dardha, Arben"]
[WhiteFideId "24176710"]
[BlackFideId "4700481"]
[WhiteElo "2257"]
[BlackElo "2196"]
[Result "1-0"]
[Round "03"]
[TimeControl "180+1"]
[Date "2022.10.12"]
[WhiteClock "0:00:05"]
[BlackClock "0:00:49"]

1. e4 c5 2. Nf3 Nc6 3. d4 cxd4 4. Nxd4 e5 5. Nb5 Nf6 6. N1c3 d6 7. Nd5 Nxd5 8. exd5 Ne7 9. c4 Ng6 10. c5 a6 11. Nxd6+ Bxd6 12. cxd6 O-O 13. Be3 Qxd6 14. Rc1 Qb4+ 15. Qd2 Qxd2+ 16. Bxd2 Rd8 17. Bc4 b5 18. Ba5 Rd7 19. Bb3 Bb7 20. Rc7 Rxc7 21. Bxc7 Bxd5 22. Bxd5 Rc8 23. O-O Rxc7 24. Bb3 Nf4 25. Rd1 Rc1 26. Kf1 Rxd1+ 27. Bxd1 Kf8 28. Bf3 Ke7 29. Be4 h6 30. g3 Ne6 31. Ke2 Kd6 32. b4 Kc7 33. Kd3 Kb6 34. Bd5 Nd8 35. Ke4 f6 36. Kf5 Nc6 37. Bxc6 Kxc6 38. Kg6 Kd5 39. Kxg7 Kc4 40. Kxf6 e4 41. g4 Kxb4 42. h4 Ka3 43. g5 hxg5 44. hxg5 Kxa2 45. g6 b4 46. g7 b3 47. g8=Q a5 48. Qc4 e3 49. fxe3 Ka3 50. e4 b2 51. Qb5 a4 52. Qd3+ Ka2 53. Qc4+ Ka3 54. Qd3+ Ka2 55. Qc2 a3 56. e5 Ka1 57. Qb3 a2 58. Qc3 Kb1 59. Qd3+ Kc1 60. Qc4+ Kb1 61. Qe4+ Ka1 62. Qd4 Kb1 63. Qd1# 1-0


[Site "https://www.chess.com"]

[Event "Titled Tuesday Blitz October 11 Late 2022"]
[White "Golubev, Mikhail"]
[Black "Adury, Anant"]
[WhiteFideId "14100983"]
[BlackFideId "30964687"]
[WhiteElo "2374"]
[BlackElo "2313"]
[Result "1/2-1/2"]
[Round "03"]
[TimeControl "180+1"]
[Date "2022.10.12"]
[WhiteClock "0:00:07"]
[BlackClock "0:00:20"]

1. e4 d6 2. d4 Nf6 3. Nc3 e5 4. Nf3 Nc6 5. Bb5 exd4 6. Nxd4 Bd7 7. O-O Be7 8. Bxc6 bxc6 9. Qf3 O-O 10. e5 dxe5 11. Nxc6 Bxc6 12. Qxc6 Bd6 13. Bg5 Qd7 14. Qf3 Qe6 15. Bxf6 Qxf6 16. Qxf6 gxf6 17. Ne4 f5 18. Nxd6 cxd6 19. Rfd1 Rfc8 20. Rac1 Rab8 21. b3 Rc6 22. c4 a5 23. g3 a4 24. Rc3 Kf8 25. Rf3 Ke7 26. Rd5 f6 27. Ra5 axb3 28. axb3 Rcb6 29. Ra7+ Ke6 30. Rxh7 Rxb3 31. Rxb3 Rxb3 32. h4 Rb8 33. h5 f4 34. gxf4 exf4 35. h6 Kf5 36. Rg7 f3 37. h7 Rh8 38. Kh2 Ke6 39. Kg3 f5 40. Kxf3 Kf6 41. Rd7 Kg5 42. Kg3 f4+ 43. Kf3 Kf5 44. Rxd6 Rxh7 45. Rd5+ Ke6 46. Kxf4 Rh4+ 47. Kg5 Rxc4 48. Rf5 Rc1 49. Rf8 Rg1+ 50. Kf4 Ke7 51. Rf5 Rg2 52. Ke3 Rg1 53. f4 Rg2 54. Ke4 Rg1 55. Re5+ Kf6 56. Rf5+ Ke7 57. Re5+ Kf6 58. Rf5+ Ke7 1/2-1/2


[Site "https://www.chess.com"]

[Event "Titled Tuesday Blitz October 11 Late 2022"]
[White "Goryachkina, Aleksandra"]
[Black "Pasti, Aron"]
[WhiteFideId "4147103"]
[BlackFideId "785857"]
[WhiteElo "2484"]
[BlackElo "2250"]
[Result "0-1"]
[Round "03"]
[TimeControl "180+1"]
[Date "2022.10.12"]
[WhiteClock "0:00:04"]
[BlackClock "0:00:07"]

1. e4 c5 2. Nf3 e6 3. c3 d5 4. exd5 Qxd5 5. d4 Nc6 6. Be3 cxd4 7. Nxd4 Nxd4 8. Qxd4 Qxd4 9. Bxd4 Nf6 10. Be2 Be7 11. O-O O-O 12. Bf3 Nd7 13. Nd2 e5 14. Be3 f5 15. Bd5+ Kh8 16. f3 Nf6 17. Bb3 Bd7 18. Nc4 e4 19. Ne5 Bb5 20. Rf2 Be8 21. Re1 Bd6 22. Bd4 Bh5 23. Bc2 Rae8 24. Nc4 Bc7 25. fxe4 fxe4 26. Ne3 Bg6 27. Ref1 Be5 28. Bxe5 Rxe5 29. h3 Rd8 30. Rd1 Rxd1+ 31. Bxd1 h6 32. Bb3 Re7 33. Rd2 Nd7 34. Kf2 Ne5 35. Rd8+ Re8 36. Rxe8+ Bxe8 37. Bc2 Bc6 38. Ke2 g6 39. c4 Kg7 40. Kd2 Kf6 41. b4 a6 42. a4 b6 43. b5 axb5 44. cxb5 Bb7 45. Kc3 Kg5 46. Kd4 Kf4 47. g3+ Kf3 0-1


[Site "https://www.chess.com"]

[Event "Titled Tuesday Blitz October 11 Late 2022"]
[White "Grinev, Valeriy"]
[Black "Kollars, Dmitrij"]
[WhiteFideId "14117517"]
[BlackFideId "12909572"]
[WhiteElo "2365"]
[BlackElo "2584"]
[Result "0-1"]
[Round "03"]
[TimeControl "180+1"]
[Date "2022.10.11"]
[WhiteClock "0:00:33"]
[BlackClock "0:01:35"]

1. d4 d5 2. c4 e6 3. Nc3 Nf6 4. cxd5 exd5 5. Bg5 c6 6. e3 Be7 7. Bd3 h6 8. Bh4 O-O 9. Qc2 Ne8 10. Bxe7 Qxe7 11. Nf3 Nd6 12. O-O a5 13. a3 Nd7 14. Rab1 Nf6 15. b4 axb4 16. axb4 b5 17. Ne5 Bd7 18. Rfe1 Nc4 19. e4 Na3 20. Qb3 Nxb1 21. Qxb1 dxe4 22. Nxe4 Nxe4 23. Bxe4 Qd6 24. Rd1 Ra4 25. Nd3 Bg4 26. f3 Be6 27. Nc5 Ra7 28. Nxe6 Qxe6 29. Rc1 Qd6 30. Qb2 Rc7 31. Rc5 Rd8 32. d5 cxd5 33. Rxd5 Qb6+ 34. Kf1 Rxd5 35. Bxd5 Qe3 0-1


[Site "https://www.chess.com"]

[Event "Titled Tuesday Blitz October 11 Late 2022"]
[White "Gubajdullin, Alexei"]
[Black "Donchenko, Alexander"]
[WhiteFideId "4141202"]
[BlackFideId "24603295"]
[WhiteElo "2200"]
[BlackElo "2572"]
[Result "0-1"]
[Round "03"]
[TimeControl "180+1"]
[Date "2022.10.11"]
[WhiteClock "0:00:11"]
[BlackClock "0:01:39"]

1. d4 Nf6 2. Nf3 e6 3. Bf4 c5 4. e3 b6 5. c3 Be7 6. h3 O-O 7. Nbd2 d5 8. Bd3 Ba6 9. Bxa6 Nxa6 10. a4 Nb8 11. Ne5 Nfd7 12. a5 Nxe5 13. Bxe5 Nc6 14. axb6 Nxe5 15. dxe5 Qxb6 16. Ra2 Rfb8 17. O-O a5 18. Qg4 Qc7 19. Nf3 Rb5 20. Rd1 Rab8 21. Rd2 h6 22. h4 R8b7 23. e4 d4 24. cxd4 cxd4 25. Nxd4 Rxb2 26. Rdxb2 Rxb2 27. Rxb2 Qc1+ 28. Kh2 Qxb2 29. Nc6 Bf8 30. Qf4 Qb5 31. Qc1 Bc5 32. Nd8 Bxf2 33. Qf4 Qd7 34. Nb7 Qxb7 35. Qxf2 Qxe4 36. Qc5 Qxh4+ 37. Kg1 Qe1+ 38. Kh2 Qb4 39. Qc8+ Kh7 40. Qc7 Qf4+ 41. g3 Qf2+ 42. Kh3 a4 43. Qa5 Qf1+ 44. Kh2 Qe2+ 45. Kh3 Qe4 46. Kh2 Kg6 47. Kh3 Kf5 48. Qa7 Qh1# 0-1


[Site "https://www.chess.com"]

[Event "Titled Tuesday Blitz October 11 Late 2022"]
[White "Har-Zvi, Ronen"]
[Black "Toncheva, Nadya"]
[WhiteFideId "2801485"]
[BlackFideId "2924056"]
[WhiteElo "2523"]
[BlackElo "2101"]
[Result "1-0"]
[Round "03"]
[TimeControl "180+1"]
[Date "2022.10.12"]
[WhiteClock "0:01:15"]
[BlackClock "0:00:29"]

1. Nf3 c5 2. c4 Nc6 3. Nc3 g6 4. e3 Nf6 5. d4 cxd4 6. exd4 d5 7. Bg5 dxc4 8. Bxc4 Bg7 9. d5 Na5 10. Be2 h6 11. Be3 b6 12. O-O O-O 13. b4 Nb7 14. Ne5 Qc7 15. Nc6 Nd8 16. Rc1 Nxc6 17. dxc6 Rd8 18. Nb5 Rxd1 19. Nxc7 Rxf1+ 20. Kxf1 Rb8 21. Na6 Ra8 22. Nc7 Rb8 23. Nb5 Nd5 24. c7 Rb7 25. Bf3 Nxc7 26. Bxb7 1-0


[Site "https://www.chess.com"]

[Event "Titled Tuesday Blitz October 11 Late 2022"]
[White "Hardaway, Brewington"]
[Black "Rasulov, Vugar"]
[WhiteFideId "30941849"]
[BlackFideId "13402390"]
[WhiteElo "2159"]
[BlackElo "2509"]
[Result "0-1"]
[Round "03"]
[TimeControl "180+1"]
[Date "2022.10.12"]
[WhiteClock "0:00:27"]
[BlackClock "0:01:18"]

1. Nf3 d5 2. e3 Nf6 3. c4 e6 4. Nc3 Nbd7 5. b3 c6 6. Bb2 Bd6 7. Qc2 O-O 8. d4 Re8 9. Bd3 Qe7 10. O-O e5 11. dxe5 Nxe5 12. Be2 dxc4 13. bxc4 Bg4 14. Nd4 g6 15. h3 Bxe2 16. Qxe2 Rad8 17. Rfd1 a6 18. Nb3 Ba3 19. Bxa3 Qxa3 20. c5 Qb4 21. Rac1 a5 22. Rd4 Rxd4 23. exd4 Ned7 24. Qd3 a4 25. Nd2 Qa3 26. Qc2 b5 27. cxb6 Nxb6 28. Ncb1 Qb4 29. Qc5 Qxc5 30. dxc5 Nbd5 31. Nc4 Re2 32. a3 Ne4 33. f3 Nxc5 34. Na5 Nb3 35. Nxb3 axb3 36. Rxc6 Re1+ 37. Kf2 Rxb1 0-1


[Site "https://www.chess.com"]

[Event "Titled Tuesday Blitz October 11 Late 2022"]
[White "Haszon, David"]
[Black "Obrien, Matthew"]
[WhiteFideId "733610"]
[BlackFideId "2059150"]
[WhiteElo "2211"]
[BlackElo "2531"]
[Result "0-1"]
[Round "03"]
[TimeControl "180+1"]
[Date "2022.10.12"]
[WhiteClock "0:00:23"]
[BlackClock "0:00:12"]

1. e4 c5 2. Nf3 d6 3. d4 cxd4 4. Nxd4 Nf6 5. f3 a6 6. c4 g6 7. Nc3 Bg7 8. Be3 O-O 9. Be2 Nc6 10. O-O Nd7 11. Nxc6 bxc6 12. Qd2 Rb8 13. b3 Re8 14. Rfd1 Qa5 15. Rac1 Nc5 16. Bd4 Bxd4+ 17. Qxd4 Qb4 18. e5 Ne6 19. Qe3 dxe5 20. Qxe5 Qc5+ 21. Qxc5 Nxc5 22. Ne4 Nxe4 23. fxe4 a5 24. c5 Be6 25. Rd4 Rb4 26. Rcd1 Kg7 27. Kf2 Reb8 28. Ke3 g5 29. Rxb4 axb4 30. Rd4 Kf6 31. g3 Ke5 32. Rd2 h6 33. Rd4 g4 34. Bc4 Bxc4 35. Rxc4 e6 36. Rd4 Rb5 37. Rc4 f6 38. Rc2 h5 39. Rc4 Rb8 40. Rd4 Rb5 41. Rc4 Rb8 42. Rd4 Rb5 43. Kd3 f5 44. exf5 exf5 45. Kc4 Ra5 46. Rd2 Rb5 47. Re2+ Kf6 48. Rd2 Ke5 49. Rd6 Ra5 50. Kxb4 Rxa2 51. Rxc6 Rxh2 52. Rh6 h4 53. c6 hxg3 54. Rxh2 gxh2 55. c7 h1=Q 56. c8=Q Qe4+ 57. Ka3 Qd3 58. Qc7+ Qd6+ 0-1


[Site "https://www.chess.com"]

[Event "Titled Tuesday Blitz October 11 Late 2022"]
[White "Herman, Daniel"]
[Black "Fernandez De La Vara, Arnaldo"]
[WhiteFideId "30935008"]
[BlackFideId "3518388"]
[WhiteElo "1897"]
[BlackElo "2387"]
[Result "1/2-1/2"]
[Round "03"]
[TimeControl "180+1"]
[Date "2022.10.12"]
[WhiteClock "0:00:11"]
[BlackClock "0:00:03"]

1. e4 c5 2. Nf3 e6 3. d4 cxd4 4. Nxd4 a6 5. Nc3 Qc7 6. g3 Nf6 7. Bg2 Nc6 8. O-O Nxd4 9. Qxd4 Bc5 10. Bf4 d6 11. Qd2 h6 12. Na4 e5 13. Nxc5 exf4 14. Nd3 fxg3 15. hxg3 O-O 16. Nf4 Re8 17. Rfe1 Be6 18. Rad1 Rad8 19. Re3 Rc8 20. Rc3 Qb6 21. Nxe6 Rxc3 22. Qxc3 Rxe6 23. Qd4 Qb5 24. b3 Qe2 25. Qd3 Qg4 26. Qf3 Qg5 27. Qf4 Qc5 28. c4 Qa5 29. Qd2 Qc5 30. Qd4 Qa5 31. Rd2 Kh7 32. f3 b5 33. Bh3 Re5 34. Bf5+ g6 35. Qxd6 bxc4 36. Qxf6 Qc5+ 37. Kh2 Qe7 38. Qxe7 Rxe7 39. Bh3 c3 40. Rc2 Rc7 41. Kg2 Kg7 42. Kf2 Kf6 43. Ke3 h5 44. Kd3 g5 45. Rxc3 Rd7+ 46. Ke3 Rd1 47. Rc6+ Kg7 48. Rxa6 Re1+ 49. Kf2 Rb1 50. Bf5 Rb2+ 51. Kg1 h4 52. gxh4 gxh4 53. Bg4 f6 54. Ra7+ Kh6 55. Rf7 Kg5 56. Rg7+ Kf4 57. Kh1 Kg3 58. Bd7+ Kxf3 59. e5 fxe5 60. Bc6+ e4 61. Rf7+ Kg3 62. Rg7+ Kf3 63. Rf7+ Kg3 64. Rg7+ Kf3 1/2-1/2


[Site "https://www.chess.com"]